 Dungeon Crawl Stone Soup version 0.29-a0-298-g3c90f9a769 (webtiles) character file.

Game seed: 1886983245393437610

16 Ijustatesigmund the Cudgeller (level 2, -3/19 HPs)
             Began as a Gargoyle Monk on Mar 23, 2022.
             Slain by Robin
             ... wielding a +1 falchion of holy wrath
              (5 damage)
             ... on level 2 of the Dungeon.
             The game lasted 00:01:31 (616 turns).

Ijustatesigmund the Cudgeller (Gargoyle Monk)        Turns: 616, Time: 00:01:32

Health: -3/19      AC:  5    Str: 14    XL:     2   Next: 54%
Magic:  2/2        EV: 12    Int: 10    God:
Gold:   104        SH:  0    Dex: 12    Spells: 1/1 levels left

rFire   . . .      SeeInvis .   e - +4 short sword
rCold   . . .      Faith    .   (no shield)
rNeg    + . .      Spirit   .   b - +0 robe
rPois   ∞          Reflect  .   (no helmet)
rElec   +          Harm     .   (no cloak)
rCorr   .          Rampage  .   (no gloves)
Will    .....                   f - +0 pair of boots
Stlth   ++........              (no amulet)
HPRegen 0.06/turn               (no ring)
MPRegen 0.08/turn               (no ring)

@: about to teleport
A: sickness immunity, AC +2, negative energy resistance 1, electricity
resistance, torment resistance 1, petrification resistance
a: no special abilities


You were on level 2 of the Dungeon.
You visited 1 branch of the dungeon, and saw 2 of its levels.

You collected 104 gold pieces.

Inventory:

Hand Weapons
 a - a +0 mace
 e - a +4 short sword (weapon)
Armour
 b - a +0 robe (worn)
 f - a +0 pair of boots (worn)
Jewellery
 g - a ring of wizardry
Scrolls
 d - a scroll of teleportation
Potions
 h - 2 potions of brilliance


   Skills:
 - Level 3.2 Fighting
 + Level 3.4 Maces & Flails
 + Level 1.5 Armour
 - Level 2.4 Dodging
 - Level 2.1 Stealth


You had one spell level left.
You didn't know any spells.
Your spell library was empty.

Dungeon Overview and Level Annotations

Branches:
Dungeon (2/15)

Altars:

Annotations:
D:2 Robin


Innate Abilities, Weirdness & Mutations

You are immune to sickness and miasma.
Your stone body is resilient. (AC +2)
You are immune to poison.
You resist negative energy. (rN+)
You are resistant to electric shocks. (rElec)
You are resistant to unholy torment.
You are immune to petrification.


Message History

You bump into the rock wall.
Robin hits you with a +1 falchion of holy wrath.
The hobgoblin barely misses you. The goblin hits you with a +0 club.
You puncture the goblin!
You kill the goblin!
Robin closely misses you. The hobgoblin hits you.
You hit Robin but do no damage.
Robin is lightly wounded.
Robin hits you with a +1 falchion of holy wrath.
The hobgoblin misses you. The hobgoblin attacks as you move away!
The hobgoblin hits you.
You see here a +0 club.
You bump into the rock wall.
Robin completely misses you.
You're too confused to move!
Robin barely misses you.
You bump into the rock wall.
You feel less invigorated.
You feel less confused.
Robin hits you with a +1 falchion of holy wrath.
You hit Robin.
Robin is heavily wounded.
Robin barely misses you.
You hit Robin.
Robin is heavily wounded.
Robin barely misses you. Robin hits you but does no damage.
You barely miss Robin.
Robin is heavily wounded.
The goblin no longer looks unusually strong.
Robin hits you with a +1 falchion of holy wrath!
You closely miss Robin.
Robin is heavily wounded.
Robin hits you with a +1 falchion of holy wrath.
* * * LOW HITPOINT WARNING * * *
You hit Robin.
Robin is severely wounded.
The hobgoblin no longer looks unusually strong.
Robin hits you but does no damage.
Okay, then.
As you read the scroll of teleportation, it crumbles to dust.
You feel strangely unstable.
Robin hits you with a +1 falchion of holy wrath.
You die...

################
#......#.......#
.....#.#.......#
#.##.#.#..###..#
#.##........#..###
#..###.#..#......#
#...##.#..###..#.#
...<...#.......#.#
.>..#####.>...##@#
..... ..#######g#
.###.. . #.Jg# .
#.. #....gg . ...
#.#.#.#. # .... #
#.#.#.# #### #...#
# # .!# ..#


You could see Robin, an endoplasm, a hobgoblin and 2 goblins.

Vanquished Creatures
  An endoplasm (D:1)
  A giant cockroach (D:1)
  4 goblins
  2 hobgoblins
  A kobold (D:1)
  2 ball pythons (D:1)
  2 bats (D:1)
  2 rats (D:1)
15 creatures vanquished.

Notes
Turn   | Place    | Note
-------+----------+-------------------------------------------
     0 | D:1      | Ijustatesigmund the Gargoyle Monk began the quest for the
                  | Orb.
     0 | D:1      | Reached XP level 1. HP: 14/14 MP: 1/1
   207 | D:1      | Found a faded altar of an unknown god.
   313 | D:1      | Reached skill level 1 in Armour
   346 | D:1      | Reached XP level 2. HP: 19/19 MP: 2/2
   598 | D:2      | Noticed Robin
   616 | D:2      | Slain by Robin

Illustrated notes

Levels and vault maps discovered:
D:1:      dpeg_arrival_signposts, layout_rooms,
          dreamdust_ecumenical_altar_grove, minmay_misc_feat_columns
D:2:      layout_loops_cross, serial_shops, nicolae_diamond_shop, hex_large,
          uniq_robin, uniq_jessica

Skill      XL: |  1 |
---------------+----+-----
Armour         | 1 |  1.5
Fighting       | |  3.2
Maces & Flails | |  3.4
Dodging        | |  2.4
Stealth        | |  2.1

Action                   || total
-------------------------++-------
Melee: Mace              ||    26
       Short sword       ||    24
       Punch             ||     1
  Use: Scroll            ||     3
       Potion            ||     1
 Stab: Sleeping          ||     2
Armor: Robe              ||    20
Dodge: Dodged            ||    48

Table legend: (Time is in decaauts)
 A = Elapsed time spent in this place.
 B = Non-inter-level travel time spent in this place.
 C = Inter-level travel time spent in this place.
 D = Time resting spent in this place.
 E = Time spent auto-exploring this place.
 F = Levels seen in this place.
 G = Mean time per level.
                   A        B        C        D        E       F      G
               +--------+--------+--------+--------+--------+-----+--------+
         Total |    624 |    579 |     45 |      4 |    416 |   2 |  312.0 |
       Dungeon |    624 |    579 |     45 |      4 |    416 |   2 |  312.0 |
               +--------+--------+--------+--------+--------+-----+--------+

Top non-repeatable levels by time:
     D:1: 577 daAuts
     D:2: 47 daAuts
